 Dungeon Crawl Stone Soup version 0.22.1-2-g9c5b331 (webtiles) character file.

683 TheAlmogaver the Magician (level 7, -1/51 HPs)
             Began as a Gnoll Wizard on Dec 16, 2018.
             Was an Initiate of Ashenzari.
             Slain by a troll (16 damage)
             ... on level 5 of the Dungeon.
             The game lasted 00:44:40 (7122 turns).

TheAlmogaver the Magician (Gnoll Wizard)            Turns: 7122, Time: 00:44:41

Health: -1/51      AC:  7    Str: 10    XL:     7   Next: 61%
Magic:  10/18      EV: 14    Int: 25    God:    Ashenzari [......]
Gold:   264        SH:  0    Dex: 13    Spells: 10/21 levels left

rFire    . . .     SeeInvis .   j - +1 hand axe (venom)
rCold    . . .     Gourm    .   (no shield)
rNeg     . . .     Faith    .   t - +0 robe
rPois    .         Spirit   .   b - +1 hat
rElec    .         Reflect  .   (no cloak)
rCorr    .         Harm     .   m - +0 pair of gloves
MR       .....                  (no boots)
Stlth    +++.......             (no amulet)
HPRegen  0.17/turn              k - +3 ring of intelligence
MPRegen  0.16/turn              s - +3 ring of protection

@: no status effects
A: distributed training, fangs 1, strong nose
a: Curse Item, Renounce Religion


You were on level 5 of the Dungeon.
You worshipped Ashenzari.
Ashenzari was noncommittal.
You were hungry.

You visited 2 branches of the dungeon, and saw 7 of its levels.

You collected 264 gold pieces.

Inventory:

Hand Weapons
 c - a +1 whip
 j - a +1 hand axe of venom (weapon)
Missiles
 e - 148 stones (quivered)
Armour
 a - a +0 robe
 b - a +1 hat (worn)
 f - a cursed -2 robe
 m - a +0 pair of gloves (worn)
 t - a +0 robe (worn)
Jewellery
 g - an uncursed ring of see invisible
 k - a +3 ring of intelligence (left hand)
 n - an uncursed ring of flight
 s - a +3 ring of protection (right hand)
Scrolls
 h - 3 scrolls of amnesia
 l - a scroll of fog
 p - a scroll of remove curse
 q - 2 scrolls of identify
 r - a scroll of magic mapping
 v - a scroll of enchant weapon
Potions
 i - 2 potions of lignification
 o - a potion of flight
Comestibles
 d - 9 rations


   Skills:
 + Level 2.5 Fighting
 + Level 2.5 Short Blades
 + Level 2.5 Long Blades
 + Level 2.5 Axes
 + Level 2.5 Maces & Flails
 + Level 2.5 Polearms
 + Level 2.5 Staves
 + Level 2.5 Slings
 + Level 2.5 Bows
 + Level 2.5 Crossbows
 + Level 2.5 Throwing
 + Level 2.5 Armour
 + Level 5.2 Dodging
 + Level 4.9 Stealth
 + Level 2.5 Shields
 + Level 2.5 Unarmed Combat
 + Level 7.6 Spellcasting
 + Level 3.0 Conjurations
 + Level 2.0 Hexes
 + Level 2.0 Charms
 + Level 3.0 Summonings
 + Level 2.0 Necromancy
 + Level 3.0 Translocations
 + Level 2.0 Transmutations
 + Level 2.0 Fire Magic
 + Level 2.0 Ice Magic
 + Level 2.0 Air Magic
 + Level 2.0 Earth Magic
 + Level 2.0 Poison Magic
 + Level 2.8 Invocations
 + Level 2.5 Evocations


You had 10 spell levels left.
You knew the following spells:

 Your Spells              Type           Power        Failure   Level  Hunger
a - Magic Dart            Conj           ###.         1%          1    None
b - Blink                 Tloc           N/A          2%          2    None
c - Call Imp              Summ           ###.....     2%          2    None
d - Conjure Flame         Conj/Fire      ###.....     7%          3    None
e - Mephitic Cloud        Conj/Pois/Air  ###.....     7%          3    None

Your spell library contained the following spells:

 Spells                   Type           Power        Failure   Level  Hunger
 Slow                     Hex            ###.....     4%          2    None


Dungeon Overview and Level Annotations

Branches:
Dungeon (6/15)             Temple (1/1) D:4

Altars:
Ashenzari
Cheibriados
Dithmenos
Elyvilon
Fedhas
Gozag
Makhleb
Nemelex Xobeh
Okawaru
Qazlal
Trog
Uskayaw
Wu Jian
Xom
Yredelemnul
Zin
The Shining One


Innate Abilities, Weirdness & Mutations

Your experience applies equally to all skills.
You have very sharp teeth.
Your uncanny sense of smell can sniff out nearby items.


Message History

Your crimson imp dies!
Your white imp hits the troll.
Your white imp freezes the troll.
Your white imp hits the troll.
Your white imp freezes the troll.
Casting: Blink (safe; 2% risk of failure)
Confirm with . or Enter, or press ? or * to list all spells.
You blink.
Your white imp hits the troll.
Your white imp freezes the troll.
Your white imp gestures at the troll.
The puff of frost hits the troll.
Your white imp hits the troll but does no damage.
Your white imp hits the troll.
Your white imp freezes the troll.
The troll bites your white imp. The troll misses your white imp.
The troll claws your white imp.
Your white imp hits the troll.
Your white imp freezes the troll.
The troll bites your white imp!
Your white imp dies!
The troll bites you! The troll claws you.
* * * LOW HITPOINT WARNING * * *
The troll barely misses you. The troll bites you!
You die...

##### ###### #.>.#
#....# #)#.. #....#
#..## #..T.## ##.##
#...@.# #.##
#.....### ##.##
#.......# #####....
#...[†#>#####.......#
#####......##.#####.#
###.......#####.#
##...##........
#.#.........#.
#.########....


You could see a troll.

Vanquished Creatures
  2 hounds
  A bullfrog skeleton (D:5)
  Jessica (D:2)
  An orc wizard (D:4)
  3 iguanas
  5 worker ants
  6 adders
  A shadow imp (D:4)
  3 worms
  4 dart slugs
  4 leopard geckos
  5 orcs
  7 bats
  8 giant cockroaches
  3 goblins
  3 hobgoblins
  4 jackals (D:5)
  A quokka (D:5)
  A ball python (D:1)
  4 frilled lizards
  7 kobolds
  7 rats
81 creatures vanquished.

Vanquished Creatures (collateral kills)
  An ogre (D:5)
  A black bear (D:6)
  A bullfrog (D:5)
  A hound (D:4)
  A jelly (D:6)
  An orc priest (D:6)
  A bullfrog skeleton (D:5)
  A worker ant (D:5)
  A hound zombie (D:6)
  2 adders
  A shadow imp (D:5)
  An adder skeleton (D:6)
  3 worms
  9 orcs
  A ball python (D:2)
  A giant cockroach (D:2)
  2 goblins (D:2)
  3 jackals (D:4)
  A leopard gecko zombie (D:5)
33 creatures vanquished.

Grand Total: 114 creatures vanquished

Notes
Turn   | Place    | Note
-------+----------+-------------------------------------------
     0 | D:1      | TheAlmogaver the Gnoll Wizard began the quest for the Orb.
     0 | D:1      | Reached XP level 1. HP: 13/13 MP: 8/8
   228 | D:1      | Reached XP level 2. HP: 19/19 MP: 7/10
   623 | D:1      | Reached XP level 3. HP: 25/25 MP: 8/11
   627 | D:1      | Learned a level 2 spell: Blink
   630 | D:1      | Learned a level 2 spell: Call Imp
   634 | D:1      | Learned a level 3 spell: Conjure Flame
   638 | D:1      | Learned a level 3 spell: Mephitic Cloud
  1277 | D:2      | Reached skill level 1 in Invocations
  1659 | D:2      | Found a glowing golden altar of the Shining One.
  1682 | D:2      | Found a white marble altar of Elyvilon.
  1718 | D:2      | Reached skill level 1 in Fighting
  1718 | D:2      | Reached skill level 1 in Short Blades
  1718 | D:2      | Reached skill level 1 in Long Blades
  1718 | D:2      | Reached skill level 1 in Axes
  1718 | D:2      | Reached skill level 1 in Maces & Flails
  1718 | D:2      | Reached skill level 1 in Polearms
  1718 | D:2      | Reached skill level 1 in Staves
  1718 | D:2      | Reached skill level 1 in Slings
  1718 | D:2      | Reached skill level 1 in Bows
  1718 | D:2      | Reached skill level 1 in Crossbows
  1718 | D:2      | Reached skill level 1 in Throwing
  1718 | D:2      | Reached skill level 1 in Armour
  1718 | D:2      | Reached skill level 1 in Shields
  1718 | D:2      | Reached skill level 1 in Unarmed Combat
  1718 | D:2      | Reached skill level 1 in Evocations
  1880 | D:2      | Reached XP level 4. HP: 32/32 MP: 11/13
  2169 | D:2      | Found a sparkling altar of Nemelex Xobeh.
  2169 | D:2      | Noticed Jessica
  2176 | D:2      | Killed Jessica
  2293 | D:2      | Reached skill level 1 in Hexes
  2293 | D:2      | Reached skill level 1 in Charms
  2293 | D:2      | Reached skill level 1 in Necromancy
  2293 | D:2      | Reached skill level 1 in Transmutations
  2293 | D:2      | Reached skill level 1 in Fire Magic
  2293 | D:2      | Reached skill level 1 in Ice Magic
  2293 | D:2      | Reached skill level 1 in Air Magic
  2293 | D:2      | Reached skill level 1 in Earth Magic
  2293 | D:2      | Reached skill level 1 in Poison Magic
  2465 | D:2      | Found an opulent altar of Gozag.
  2813 | D:3      | Reached XP level 5. HP: 37/37 MP: 7/14
  3681 | D:4      | Found a staircase to the Ecumenical Temple.
  3705 | Temple   | Entered the Ecumenical Temple
  4165 | D:4      | Reached XP level 6. HP: 44/44 MP: 5/16
  4243 | D:4      | Found a shimmering altar of Xom.
  5084 | D:5      | Entered Level 5 of the Dungeon
  5106 | D:4      | Reached skill level 5 in Dodging
  5502 | D:5      | Found a shadowy altar of Dithmenos.
  5527 | D:5      | Found a shattered altar of Ashenzari.
  5535 | D:5      | Became a worshipper of Ashenzari the Shackled
  5855 | D:5      | Reached XP level 7. HP: 50/50 MP: 10/18
  5947 | D:5      | Found a burning altar of Makhleb.
  6009 | D:5      | Found a snail-covered altar of Cheibriados.
  6431 | D:5      | Found a glowing golden altar of the Shining One.
  6961 | D:6      | Noticed a troll
  7122 | D:5      | Slain by a troll

Skill      XL: |  1  2  3  4  5  6  7 |
---------------+----------------------+-----
Conjurations   | 2 3 |  3.0
Summonings     | 2 3 |  3.0
Translocations | 2 3 |  3.0
Invocations    | 1 2 |  2.8
Fighting       | 1 2 |  2.5
Short Blades   | 1 2 |  2.5
Long Blades    | 1 2 |  2.5
Axes           | 1 2 |  2.5
Maces & Flails | 1 2 |  2.5
Polearms       | 1 2 |  2.5
Staves         | 1 2 |  2.5
Slings         | 1 2 |  2.5
Bows           | 1 2 |  2.5
Crossbows      | 1 2 |  2.5
Throwing       | 1 2 |  2.5
Armour         | 1 2 |  2.5
Shields        | 1 2 |  2.5
Unarmed Combat | 1 2 |  2.5
Evocations     | 1 2 |  2.5
Hexes          | 1 2 |  2.0
Charms         | 1 2 |  2.0
Necromancy     | 1 2 |  2.0
Transmutations | 1 2 |  2.0
Fire Magic     | 1 2 |  2.0
Ice Magic      | 1 2 |  2.0
Air Magic      | 1 2 |  2.0
Earth Magic    | 1 2 |  2.0
Poison Magic   | 1 2 |  2.0
Dodging        | 5 |  5.2
Stealth        | |  4.9
Spellcasting   | |  7.6

Action                   |  1- 3 |  4- 6 |  7- 9 || total
-------------------------+-------+-------+-------++-------
Melee: Hand axe          |       |    14 |     2 ||    16
 Cast: Magic Dart        |    77 |    97 |    21 ||   195
       Call Imp          |     9 |    42 |    21 ||    72
       Mephitic Cloud    |       |    12 |     3 ||    15
       Conjure Flame     |       |     7 |     7 ||    14
       Blink             |       |     1 |     6 ||     7
  Use: Scroll            |     7 |     8 |       ||    15
       Potion            |     4 |     2 |     1 ||     7
  Eat: Chunk             |     3 |     7 |     1 ||    11
       Ration            |       |     2 |       ||     2
Armor: Robe              |     2 |     7 |     9 ||    18
Dodge: Dodged            |    10 |    31 |    19 ||    60
